 Dungeon Crawl Stone Soup version 0.14-a0-1403-g5d3c58f (webtiles) character file.

174 PolkaDot the Ruinous (level 4, -5/30 HPs)
             Began as a Vampire Conjurer on Dec 10, 2013.
             Was an Initiate of Sif Muna.
             Slain by an orc wizard
             ... wielding a -1,+0 orcish flail
              (6 damage)
             ... on Level 3 of the Dungeon.
             The game lasted 00:06:27 (2092 turns).

PolkaDot the Ruinous (Vampire Conjurer)             Turns: 2092, Time: 00:06:29

HP  -5/30        AC  2     Str  7      XL: 4   Next: 50%
MP   3/7         EV 12     Int 18      God: Sif Muna [......]
Gold 72          SH  0     Dex 14      Spells:  2 memorised,  4 levels left

rFire  . . .     SeeInvis +     b - +0,+1 short sword (venom)
rCold  . . .     Clarity  .     a - +0 robe
rNeg   . . .     Conserve .     (no shield)
rPois  .         rCorr    .     (no helmet)
rElec  .         rRot     .     (no cloak)
SustAb . .       Spirit   .     (no gloves)
rMut   .         Warding  .     (no boots)
Saprov . . .     Stasis   .     (no amulet)
                                s - ring of wizardry
                                n - ring of flight

@: regenerating quickly, slightly resistant to hostile enchantments, stealthy
A: fangs 3, see invisible, unbreathing
a: Renounce Religion, Evoke Flight


You were on level 3 of the Dungeon.
You worshipped Sif Muna.
Sif Muna was noncommittal.
You were very full.

You visited 1 branch of the dungeon, and saw 3 of its levels.

You collected 72 gold pieces.

Inventory:

Hand weapons
 b - a +0,+1 short sword of venom (weapon)
Armour
 a - a +0 robe (worn)
Scrolls
 d - a scroll of remove curse {unknown}
 e - a scroll of fear {unknown}
 g - a scroll of teleportation
 m - a scroll of identify {unknown}
 o - a scroll of curse armour {unknown}
 q - a scroll of blinking {unknown}
 r - 2 scrolls of noise {unknown}
Jewellery
 n - a ring of flight (left hand)
 s - a ring of wizardry (right hand)
Potions
 f - 2 potions of curing {unknown}
 h - a potion of degeneration {unknown}
 i - 4 potions of agility {unknown}
 j - a potion of might {unknown}
 k - 2 potions of cure mutation {unknown}
 l - 3 potions of flight {unknown}
 p - a potion of beneficial mutation {unknown}
 t - a potion of speed
Books
 c - a book of Conjurations

   Spells                             Type                      Level
   *Magic Dart                        Conjuration                  1
   *Searing Ray                       Conjuration                  2
   Dazzling Spray                     Conjuration/Hexes            3
   Iskenderun's Mystic Blast          Conjuration                  4
   Iskenderun's Battlesphere          Conjuration/Charms           4
   Fulminant Prism                    Conjuration/Hexes            5
 u - a Grand Grimoire {highlevel}

   This book is beyond your current level of understanding.

   Spells                             Type                      Level
   Demonic Horde                      Summoning                    6
   Mass Abjuration                    Summoning                    6
   Haunt                              Necromancy/Summoning         7
   Summon Greater Demon               Summoning                    7
   Malign Gateway                     Summoning/Translocation      7
   Summon Horrible Things             Summoning                    8


   Skills:
 - Level 2.1 Dodging
 - Level 3.0 Stealth
 - Level 2.0 Spellcasting
 * Level 4.5 Conjurations


You had 4 spell levels left.
You knew the following spells:

 Your Spells              Type           Power        Failure   Level  Hunger
a - Magic Dart            Conj           ###.         1%          1    #......
s - Searing Ray           Conj           ###...       1%          2    ##.....


Dungeon Overview and Level Annotations

Branches:
Dungeon (3/16)

Altars:
Nemelex Xobeh
Sif Muna

Portals:
Ziggurat: D:3 (3360 gp)


Innate Abilities, Weirdness & Mutations

Your natural rate of healing is unusually fast.
You have razor-sharp teeth.*
You have supernaturally acute eyesight.
You can survive without breathing.*


Message History

You are too injured to fight recklessly!
Casting: Searing Ray
Confirm with . or Enter, or press ? or * to list all spells.
Aiming: Searing Ray
Press: ? - help, Shift-Dir - straight line, f/p - orc wizard
Aim: an orc wizard, wielding an orcish flail and wearing an orcish robe (moderately wounded, poisoned, moving very quickly)
The searing ray hits the orc wizard.
The orc wizard is heavily wounded.
The orc wizard hits you with an orcish flail.
The searing ray hits the orc wizard.
The orc wizard is severely wounded.
The orc wizard hits you with an orcish flail.
* * * LOW HITPOINT WARNING * * *
The searing ray hits the orc wizard.
The orc wizard is severely wounded.
The orc wizard gestures at you while chanting.
The magic dart hits you!
* * * LOW HITPOINT WARNING * * *
The orc wizard hits you with an orcish flail.
You die...

#.#.###.8...8)##....#.#
#.#.# ##.....##.......#
#.#.#. ##...##.####.###
#######.#.#.#
##'###.##.#.#
........#.....#..#
#.#....# ###########
#.#.##.#.##)###
#......#.##.#######
#.#o####.##.......#
#...@.##.##..####.#
#........#......#.#
#........###.##.#.#
#...............#.#
#....∩...########.#
#...................#.#
#.####.......######.#.#
.........# #.#.#
......###### #.#.#


You could see an orc wizard.

Vanquished Creatures
  2 adders
  A worm (D:2)
  2 oozes
  4 orcs (D:3)
  8 bats
  7 giant cockroaches
  14 hobgoblins
  5 kobolds
  A quokka (D:3)
  A ball python (D:1)
  4 giant geckos (D:2)
  5 giant newts
  6 goblins
  7 rats
67 creatures vanquished.

Notes
Turn   | Place    | Note
--------------------------------------------------------------
     0 | D:1      | PolkaDot, the Vampire Conjurer, began the quest for the Orb.
     0 | D:1      | Reached XP level 1. HP: 13/13 MP: 3/3
   210 | D:1      | Reached XP level 2. HP: 19/19 MP: 1/4
   667 | D:1      | Reached XP level 3. HP: 21/24 MP: 6/6
  1046 | D:2      | Reached skill level 4 in Conjurations
  1159 | D:2      | Learned a level 2 spell: Searing Ray
  1275 | D:2      | Reached XP level 4. HP: 21/30 MP: 7/7
  1656 | D:3      | Found a gateway to a ziggurat.
  1909 | D:3      | Found a deep blue altar of Sif Muna.
  1919 | D:3      | Became a worshipper of Sif Muna the Loreminder
  2001 | D:3      | Found a sparkling altar of Nemelex Xobeh.
  2092 | D:3      | HP: 1/30 [orc wizard/magic dart (6)]
  2092 | D:3      | Slain by an orc wizard

Action                   |  1- 3 |  4- 6 || total
-------------------------+-------+-------++-------
Melee: Short sword       |   113 |    49 ||   162
       Dagger            |     5 |       ||     5
       Unarmed           |     3 |       ||     3
 Cast: Magic Dart        |    15 |       ||    15
       Searing Ray       |       |     4 ||     4
  Use: Potion            |     1 |       ||     1
       Scroll            |       |     1 ||     1
 Stab: Sleeping          |     6 |     3 ||     9
       Distracted        |       |     1 ||     1
